 Dungeon Crawl Stone Soup version 0.31-a0-819-gf6de2f5ab6 (webtiles) character file.

Game seed: 14955620416186912127

389 Kurtz the Chopper (level 6, -1/42 HPs)
             Began as an Octopode Fighter on Sept 25, 2023.
             Slain by a centaur (7 damage)
             ... on level 5 of the Dungeon.
             The game lasted 00:01:58 (2925 turns).

Kurtz the Chopper (Octopode Fighter)                Turns: 2925, Time: 00:01:58

Health: -1/42      AC:  1    Str: 15    XL:     6   Next: 79%
Magic:  6/6        EV: 13    Int: 11    God:
Gold:   207        SH:  4    Dex: 13    Spells: 5/5 levels left

rFire   . . .        a - +0 war axe
rCold   . . .        b - +0 buckler
rNeg    . . .        (helmet restricted)
rPois   .            (no amulet)
rElec   .            o - ring of resist corrosion
rCorr   +            (no ring)
SInv    .            (no ring)
Will    .....        (no ring)
Stlth   ++           (no ring)
HPRegen 0.27/turn    (no ring)
MPRegen 0.10/turn    (no ring)
                     (no ring)

%: no passive effects
@: no status effects
A: almost no armour, amphibious, 8 rings, camouflage 1, gelatinous body 1,
(nimble swimmer 1), tentacles
a: no special abilities


You were on level 5 of the Dungeon.
You visited 1 branch of the dungeon, and saw 5 of its levels.

You collected 243 gold pieces.
You spent 36 gold pieces at shops.

Inventory:

Hand Weapons
 a - a +0 war axe (weapon)
Armour
 b - a +0 buckler (worn)
Jewellery
 o - a ring of resist corrosion (left tentacle)
 r - a ring of fire
Wands
 s - a wand of digging (8)
Scrolls
 d - a scroll of revelation {unknown}
 e - 2 scrolls of noise {unknown}
 i - 2 scrolls of torment {unknown}
 m - 2 scrolls of identify {unknown}
 n - a scroll of enchant armour {unknown}
Potions
 c - a potion of might
 f - 3 potions of lignification {unknown}
 g - 2 potions of mutation {unknown}
 h - a potion of invisibility {unknown}
 j - a potion of haste {unknown}
 k - a potion of curing
 l - a potion of magic {unknown}
 p - a potion of degeneration {unknown}
 q - a potion of brilliance {unknown}


   Skills:
 - Level 3.0 Fighting
 * Level 7.0 Axes
 - Level 3.0 Dodging
 - Level 3.0 Shields


You had 5 spell levels left.
You didn't know any spells.
Your spell library contained the following spells:

 Spells                   Type           Power      Damage    Failure   Level
 Ensorcelled Hibernation  Hex/Ice        0%         N/A       56%         2
 Jinxbite                 Hex            0%         N/A       56%         2
 Anguish                  Hex/Necr       0%         N/A       99%         4


Dungeon Overview and Level Annotations

Branches:
Dungeon (5/15)
 Temple: D:4-7

Altars:
Kikubaaqudgha

Shops:
D:2 !

Annotations:
D:4 2 transporters, amoryguerra's ghost, amateur MiBe


Innate Abilities, Weirdness & Mutations

You cannot wear most types of armour.
You are amphibious.
You can wear up to eight rings at the same time.
Your skin changes colour to match your surroundings (Stealth+).
Your rubbery body absorbs attacks. (AC +1, EV +1)
((You are camouflaged when in or above water. (Stealth+)))
You have tentacles for arms and can constrict up to eight enemies at once.


Message History

Unknown command.
Unknown command.
The helpless white imp fails to defend itself.
You hit the white imp. Your grab misses the white imp.
You squeeze the white imp!
The white imp is almost dead.
You block the white imp's attack.
Unknown command.
You slash the white imp!
You kill the white imp!
A centaur comes into view.
The centaur shouts!
The centaur wields a +0 shortbow.
The centaur shoots an arrow.
The arrow hits you!
Unknown command.
The centaur shoots an arrow.
The arrow hits you!
The centaur shoots an arrow.
The arrow barely misses you.
A centaur is nearby!
You are too injured to fight recklessly!
Unknown command.
A centaur is nearby!
You are too injured to fight recklessly!
A centaur is nearby!
Unknown command.
The centaur unwields a +0 shortbow.
The centaur hits you. You block the centaur's attack.
You slash the centaur!
The centaur is moderately wounded.
The centaur closely misses you. The centaur kicks you.
The centaur closely misses you. The centaur kicks you.
You hit the centaur.
The centaur is heavily wounded.
The centaur barely misses you.
The centaur kicks you but does no damage.
You barely miss the centaur. Your squeeze misses the centaur.
The centaur is heavily wounded.
The centaur hits you!
* * * LOW HITPOINT WARNING * * *
The centaur closely misses you. The centaur hits you!
You die...

#..# #.#
#############..#
#.#
..>............#
#.
#############.##
#. #.....#
###.###.###.# ..
#.....#
#.###.###.#
#.c@..# ###.###
#.. ...# ##.##
#.. ###


You could see a centaur.

Vanquished Creatures
  2 phantoms
  2 scorpions (D:5)
  A jelly (D:5)
  4 adders
  A white imp (D:5)
  2 worms (D:2)
  6 orcs
  2 ball pythons
  A bat zombie (D:5)
  3 endoplasms
  2 giant cockroaches
  3 goblins
  4 hobgoblins
  4 kobolds
  2 quokkas
  3 bats
  2 frilled lizards
  5 rats
  A rat zombie (D:5)
50 creatures vanquished.

Notes
Turn   | Place    | Note
-------+----------+-------------------------------------------
     0 | D:1      | Kurtz the Octopode Fighter began the quest for the Orb.
     0 | D:1      | Reached XP level 1. HP: 16/16 MP: 1/1
   270 | D:1      | Reached XP level 2. HP: 21/21 MP: 2/2
   568 | D:2      | Reached skill level 3 in Axes
   686 | D:2      | Reached XP level 3. HP: 17/26 MP: 3/3
   834 | D:2      | Found a faded altar of an unknown god.
   879 | D:2      | Found Moynnaos's Distillery.
   928 | D:2      | Bought a potion of curing for 36 gold pieces
  1157 | D:3      | Reached skill level 4 in Axes
  1475 | D:3      | Reached XP level 4. HP: 31/31 MP: 4/4
  1516 | D:3      | Found the +5 woodcutter's axe
  2080 | D:4      | Found a transporter.
  2082 | D:4      | Noticed amoryguerra's ghost (amateur MiBe)
  2120 | D:4      | Found a transporter.
  2411 | D:4      | Noticed a phantom
  2422 | D:4      | Killed a phantom
  2423 | D:4      | Reached skill level 5 in Axes
  2423 | D:4      | Reached XP level 5. HP: 19/36 MP: 5/5
  2641 | D:5      | Entered Level 5 of the Dungeon
  2641 | D:5      | Noticed a phantom
  2649 | D:5      | Killed a phantom
  2650 | D:5      | Reached skill level 6 in Axes
  2650 | D:5      | Reached XP level 6. HP: 24/42 MP: 6/6
  2739 | D:5      | Found an ancient bone altar of Kikubaaqudgha.
  2861 | D:5      | Reached skill level 7 in Axes
  2925 | D:5      | Slain by a centaur

Illustrated notes

Levels and vault maps discovered:
D:1:      lemuel_arrival_muddy, layout_rooms, minmay_pentomino_u4
D:2:      minmay_skewed_foursquare, layout_rooms,
          shapermc_ecumenical_altar_pompeii, serial_shops, shop,
          kennysheep_generic_room_5
D:3:      layout_loops_ring, nicolae_elevator_lobby_plus
D:4:      layout_cave_pods, gammafunk_ghost_stat_death
D:5:      layout_loops_ring, lemuel_zombie_altar_kikubaaqudgha,
          grunt_temple_overflow_open, minmay_temple_entry_gardened_gates,
          gammafunk_ghost_grave, serial_shops, shop, kennysheep_generic_room_11,
          uniq_duvessa

Skill      XL: |  1  2  3  4  5  6 |
---------------+-------------------+-----
Axes           | 3 4 5 6 7 |  7.0
Fighting       | |  3.0
Dodging        | |  3.0
Shields        | |  3.0

Action                     |  1- 3 |  4- 6 || total
---------------------------+-------+-------++-------
  Melee: War axe           |    53 |    50 ||   103
         Constrict         |    12 |    11 ||    23
         Tentacles         |    10 |     7 ||    17
   Stab: Sleeping          |     5 |     4 ||     9
 Armour: Skin              |    12 |    28 ||    40
  Dodge: Dodged            |    25 |    21 ||    46
  Block: Buckler           |    12 |     8 ||    20

Table legend: (Time is in decaauts)
 A = Elapsed time spent in this place.
 B = Non-inter-level travel time spent in this place.
 C = Inter-level travel time spent in this place.
 D = Time resting spent in this place.
 E = Time spent auto-exploring this place.
 F = Levels seen in this place.
 G = Mean time per level.
                   A        B        C        D        E       F      G
               +--------+--------+--------+--------+--------+-----+--------+
         Total |   2957 |   2809 |    148 |    232 |   2180 |   5 |  591.4 |
       Dungeon |   2957 |   2809 |    148 |    232 |   2180 |   5 |  591.4 |
               +--------+--------+--------+--------+--------+-----+--------+

Top non-repeatable levels by time:
     D:4: 804 daAuts
     D:3: 725 daAuts
     D:2: 605 daAuts
     D:1: 533 daAuts
     D:5: 288 daAuts
